 Dungeon Crawl Stone Soup version 0.32-a0-702-gc29ba85809 (webtiles) character file.

Game seed: 4205109457688138787

319 IndexError the Ruffian (level 6, -5/59 HPs)
             Began as a Troll Gladiator on Mar 14, 2024.
             Slain by an ogre
             ... wielding a +0 giant club
              (27 damage)
             ... on level 5 of the Dungeon.
             The game lasted 00:06:14 (3345 turns).

IndexError the Ruffian (Troll Gladiator)            Turns: 3345, Time: 00:06:14

Health: -5/59      AC:  4    Str: 23    XL:     6   Next: 21%
Magic:  5/5        EV:  9    Int:  6    God:
Gold:   205        SH:  0    Dex: 11    Spells: 5/5 levels left

rFire   . .          .
                       - Unarmed
rCold   . . .        (no shield)
rNeg    . . .        a - +0 robe
rPois   .            b - +0 hat
rElec   .            (no cloak)
rCorr   .            (gloves unavailable)
SInv    .            (boots unavailable)
Will    .....        (no amulet)
Stlth   +            (no ring)
HPRegen 1.09/turn    (no ring)
MPRegen 0.09/turn

%: no passive effects
@: no status effects
A: large, unfitting armour, claws 3, regeneration 1, shaggy fur 1, tough skin 1
a: no special abilities


You were on level 5 of the Dungeon.
You visited 1 branch of the dungeon, and saw 5 of its levels.

You collected 205 gold pieces.

Inventory:

Missiles
 c - 3 throwing nets (quivered) {=f, !d}
 d - a large rock {!d}
 e - 10 javelins
 s - 19 poisoned darts
Armour
 a - a +0 robe (worn)
 b - a +0 hat (worn)
Magical Staves
 r - a staff of alchemy
   (You found it on level 3 of the Dungeon)
Jewellery
 l - a ring of ice {rC+, rF-}
   (You found it on level 2 of the Dungeon)
Scrolls
 f - 10 scrolls of identify {unknown}
 g - a scroll of enchant weapon {unknown}
 j - 3 scrolls of amnesia {unknown}
 n - 4 scrolls of teleportation {unknown}
 o - 3 scrolls of fear {unknown}
 p - a scroll of poison {unknown}
 q - 2 scrolls of fog {unknown}
 u - a scroll of noise {unknown}
Potions
 h - 2 potions of enlightenment {unknown}
 i - a potion of brilliance {unknown}
 k - 4 potions of curing {unknown}
 m - 2 potions of lignification {unknown}
 t - a potion of heal wounds {unknown}
 v - a potion of magic {unknown}


   Skills:
 + Level 2.7 Fighting
 + Level 3.1 Throwing
 + Level 3.3 Dodging
 * Level 4.9 Unarmed Combat


You had 5 spell levels left.
You didn't know any spells.
Your spell library contained the following spells:

 Spells                   Type           Power      Damage    Failure   Level
 Foxfire                  Conj/Fire      0%         2x1d4     45%         1
 Magic Dart               Conj           0%         1d3       45%         1
 Shock                    Conj/Air       0%         1d3       45%         1
 Blink                    Tloc           0%         N/A       58%         2
 Call Imp                 Summ           0%         N/A       58%         2
 Mercury Vapours          Alch/Air       0%         N/A       58%         2
 Sublimation of Blood     Necr           0%         N/A       58%         2
 Call Canine Familiar     Summ           0%         N/A       83%         3
 Inner Flame              Hex/Fire       0%         N/A       83%         3
 Mephitic Cloud           Conj/Alch/Air  0%         N/A       83%         3
 Passwall                 Erth           0%         N/A       83%         3
 Sigil of Binding         Hex            0%         N/A       83%         3
 Swiftness                Air            0%         N/A       83%         3
 Volatile Blastmotes      Fire/Tloc      0%         2d10      83%         3
 Airstrike                Air            0%         2d(0-16)  99%         4
 Dimensional Bullseye     Hex/Tloc       0%         N/A       99%         4
 Flame Wave               Conj/Fire      0%         2d4       99%         4
 Sticky Flame             Fire/Alch      0%         2d4       99%         4
 Freezing Cloud           Conj/Ice/Air   0%         6-21      100%        5
 Bombard                  Conj/Erth      0%         9d1       100%        6
 Plasma Beam              Fire/Air       0%         2x1d10    100%        6
 Starburst                Conj/Fire      0%         6d3       100%        6
 Summon Hydra             Summ           0%         N/A       100%        7


Dungeon Overview and Level Annotations

Branches:
Dungeon (5/15)
 Temple: D:4-7

Altars:
Fedhas

Shops:
D:2 (


Innate Abilities, Weirdness & Mutations

You are too large for most types of armour.
You have claws for hands.
Your natural rate of healing is unusually fast.
You are covered in fur. (AC +1)
You have tough skin. (AC +1)


Message History

Health restored: 59 No target in view!
No target in view!
Things that are here:
a +0 short sword; 2 stones; a kobold corpse
j - 3 scrolls labelled UPTIX NUNNUI (gained 1)
A ribbon worm comes into view.
The ribbon worm moves out of view.
You scratch the ribbon worm but do no damage.
You claw the ribbon worm!
The ribbon worm expels a string of sticky webbing.
The stream of webbing hits you but does no damage.
You are caught in a web!
You are caught in a web!
You are caught in a web!
You are caught in a web!
The web tears apart.
The ribbon worm barely misses you.
You barely miss the ribbon worm. The ribbon worm misses you.
You scratch the ribbon worm. You scratch the ribbon worm.
The ribbon worm bites you.
You take 3 damage, and have 56/59 hp.
You scratch the ribbon worm.
The ribbon worm expels a string of sticky webbing.
The stream of webbing hits you but does no damage.
You are caught in a web!
The web tears apart.
The ribbon worm bites you.
You take 5 damage, and have 52/59 hp.
You scratch the ribbon worm.
You scratch the ribbon worm but do no damage.
The ribbon worm bites you.
You take 5 damage, and have 48/59 hp.
You claw the ribbon worm!
You now have 205 gold pieces (gained 9).
You pick up a book of Flames and begin reading...
You add the spells Inner Flame, Sticky Flame and Flame Wave to your library.
Health restored: 59 A hobgoblin comes into view.
You barely miss the hobgoblin. The hobgoblin barely misses you.
You scratch the hobgoblin. The hobgoblin hits you.
You take 3 damage, and have 56/59 hp.
You barely miss the hobgoblin. The hobgoblin barely misses you.
You claw the hobgoblin!
No target in view!
A goblin comes into view. It is wielding a +0 club.
Health restored: 59 A goblin is nearby!
You see here a scroll labelled GIROOP SUCSISE.
The goblin misses you.
You barely miss the goblin. You claw the goblin!
No target in view!
q - 2 scrolls labelled GIROOP SUCSISE (gained 1)
You see here a +0 chain mail.
An adder comes into view.
An adder is nearby!
An adder is nearby!
You closely miss the adder. The adder misses you.
You scratch the adder. The adder barely misses you.
You scratch the adder. The adder bites you.
You take 4 damage, and have 55/59 hp.
You scratch the adder.
No target in view!
Found a stone staircase leading down.
Health restored: 59
n - 4 scrolls labelled ASSOWO ABIPPU (gained 1)
o - 3 scrolls labelled SYGAEWEICI (gained 1)
s - 19 poisoned darts (gained 6) Done exploring.
Done exploring.
Done exploring.
Done exploring.
Done exploring.
There is a stone staircase leading down here.
You climb downwards.
You hear the sound of rushing water.
There is an entrance to a sewer on this level.
Hurry and find it before the portal rusts away!
The ogre shouts!
There is a stone staircase leading up here.
The orc closely misses you.
You climb upwards.
There is a stone staircase leading down here.
The orc hits you but does no damage.
You climb downwards.
You hear the sound of rushing water.
There is an entrance to a sewer on this level.
Hurry and find it before the portal rusts away!
The ogre barely misses you.
There is a stone staircase leading up here.
You barely miss the ogre. You claw the ogre!
The ogre hits you with a +0 giant club!!
Ouch! That really hurt!
The orc hits you with a +0 club.
You hear a shout!
You take 38 damage, and have 21/59 hp.
MASSIVE DAMAGE!!
You are too injured to fight recklessly!
You are too injured to fight recklessly!
You are too injured to fight recklessly!
You scratch the ogre. The orc hits you but does no damage.
The ogre hits you with a +0 giant club!!
You die...

..###.. .......
.......##
#.......##
.........#
.........####
.......O....###
......o@......#
.............?#
...............
..............#
......##......#
...[.. ##.....
...... #....
###... ....


You could see an ogre and an orc.

Vanquished Creatures
  A sky beast (D:4)
  A hound (D:4)
  An iguana (D:3)
  Robin (D:2)
  6 adders
  3 dart slugs
  2 ribbon worms
  3 orcs
  7 ball pythons
  4 endoplasms
  3 giant cockroaches
  13 goblins
  13 hobgoblins
  6 jackals
  5 quokkas
  4 bats
  6 frilled lizards
  8 kobolds
  5 rats
92 creatures vanquished.

Notes
Turn   | Place    | Note
-------+----------+-------------------------------------------
     0 | D:1      | IndexError the Troll Gladiator began the quest for the Orb.
     0 | D:1      | Reached XP level 1. HP: 19/19 MP: 0/0
    80 | D:1      | Reached XP level 2. HP: 28/28 MP: 1/1
   114 | D:1      | Reached skill level 2 in Throwing
   806 | D:2      | Found Unuxisko's Antique Weapon Shop.
   827 | D:2      | Noticed Robin
   836 | D:2      | Reached XP level 3. HP: 35/35 MP: 2/2
   844 | D:2      | Killed Robin
   845 | D:2      | Reached skill level 2 in Fighting
  1281 | D:2      | Reached XP level 4. HP: 40/42 MP: 3/3
  1524 | D:3      | Reached skill level 4 in Unarmed Combat
  1839 | D:3      | Reached skill level 3 in Dodging
  2565 | D:4      | Reached XP level 5. HP: 33/49 MP: 4/4
  2775 | D:4      | Found a blossoming altar of Fedhas.
  3010 | D:4      | Noticed a sky beast
  3023 | D:4      | Killed a sky beast
  3024 | D:4      | Reached skill level 3 in Throwing
  3024 | D:4      | Reached XP level 6. HP: 18/59 MP: 5/5
  3338 | D:5      | Entered Level 5 of the Dungeon
  3345 | D:5      | Slain by an ogre

Illustrated notes

Levels and vault maps discovered:
D:1:      pf_arrival_petrified_forest, layout_loops_cross, minivault_4,
          minmay_pentomino_v4
D:2:      layout_loops_ring, serial_shops, shop, uniq_robin
D:3:      layout_basic, kennysheep_generic_room_11
D:4:      layout_cave_pods, fedhas_ov_isle_minmay
D:5:      layout_cave_pools, gup_sewer_entry_pipe

Skill      XL: |  1  2  3  4  5 |
---------------+----------------+-----
Throwing       | 2 3 |  3.1
Fighting       | 2 |  2.7
Unarmed Combat | 4 |  4.9
Dodging        | 3 |  3.3

Action                     |  1- 3 |  4- 6 || total
---------------------------+-------+-------++-------
  Melee: Unarmed           |   102 |   132 ||   234
         Punch             |     4 |     4 ||     8
   Stab: Sleeping          |     1 |       ||     1
 Armour: Robe              |    56 |    88 ||   144
  Dodge: Dodged            |    49 |    51 ||   100

Table legend: (Time is in decaauts)
 A = Elapsed time spent in this place.
 B = Non-inter-level travel time spent in this place.
 C = Inter-level travel time spent in this place.
 D = Time resting spent in this place.
 E = Time spent auto-exploring this place.
 F = Levels seen in this place.
 G = Mean time per level.
                   A        B        C        D        E       F      G
               +--------+--------+--------+--------+--------+-----+--------+
         Total |   3330 |   3032 |    298 |      0 |   2496 |   5 |  666.0 |
       Dungeon |   3330 |   3032 |    298 |      0 |   2496 |   5 |  666.0 |
               +--------+--------+--------+--------+--------+-----+--------+

Top non-repeatable levels by time:
     D:3: 1050 daAuts
     D:4: 785 daAuts
     D:1: 776 daAuts
     D:2: 713 daAuts
     D:5: 5 daAuts

Levels and vault maps discovered:
D:1:      pf_arrival_petrified_forest, layout_loops_cross, minivault_4,
          minmay_pentomino_v4
D:2:      layout_loops_ring, serial_shops, shop, uniq_robin
D:3:      layout_basic, kennysheep_generic_room_11
D:4:      layout_cave_pods, fedhas_ov_isle_minmay
D:5:      layout_cave_pools, gup_sewer_entry_pipe

Table legend: (Time is in decaauts)
 A = Elapsed time spent in this place.
 B = Non-inter-level travel time spent in this place.
 C = Inter-level travel time spent in this place.
 D = Time resting spent in this place.
 E = Time spent auto-exploring this place.
 F = Levels seen in this place.
 G = Mean time per level.
                   A        B        C        D        E       F      G
               +--------+--------+--------+--------+--------+-----+--------+
         Total |   3330 |   3032 |    298 |      0 |   2496 |   5 |  666.0 |
       Dungeon |   3330 |   3032 |    298 |      0 |   2496 |   5 |  666.0 |
               +--------+--------+--------+--------+--------+-----+--------+

Top non-repeatable levels by time:
     D:3: 1050 daAuts
     D:4: 785 daAuts
     D:1: 776 daAuts
     D:2: 713 daAuts
     D:5: 5 daAuts

Table legend:
 A = Kills in this place as a percentage of kills in the entire game.
 B = Kills by you in this place as a percentage of kills by you in the entire game.
 C = Kills by friends in this place as a percentage of kills by friends in the entire game.
 D = Other kills in this place as a percentage of other kills in the entire game.
 E = Experience gained in this place as a percentage of experience gained in the entire game.
 F = Experience gained in this place divided by the number of levels of this place that you have seen.
                   A       B       C       D       E      F
               +-------+-------+-------+-------+-------+----------------------
         Total | 100.0 | 100.0 |   N/A |   N/A | 100.0 |  91.2
       Dungeon | 100.0 | 100.0 |   N/A |   N/A | 100.0 |  91.2
               +-------+-------+-------+-------+-------+----------------------
